 Dungeon Crawl Stone Soup version 0.30.0-10-gfe55d96785 (webtiles) character file.

Game seed: 8849433446589327847

2850 qeuew the Skirmisher (level 9, -7/69 HPs)
             Began as a Demonspawn Hunter on May 15, 2023.
             Was an Initiate of Gozag.
             Killed by divine providence
             ... invoked by an orc priest
              (15 damage)
             ... on level 8 of the Dungeon.
             The game lasted 00:08:52 (6677 turns).

qeuew the Skirmisher (Demonspawn Hunter)            Turns: 6677, Time: 00:08:58

Health: -7/69      AC:  4    Str: 12    XL:     9   Next: 46%
Magic:  9/9        EV: 15    Int: 10    God:    Gozag
Gold:   1527       SH:  0    Dex: 21    Spells: 8/8 levels left

rFire   . . .        a - +0 shortbow (freeze)
rCold   . . .        (shield currently unavailable)
rNeg    . . .        c - +1 leather armour
rPois   .            (helmet restricted)
rElec   .            (no cloak)
rCorr   .            (no gloves)
SInv    .            (no boots)
Will    .....        p - amulet "Juruqer" {+Inv Regen+}
Stlth   +++          (no ring)
HPRegen 1.11/turn    (no ring)
MPRegen 0.11/turn

%: no passive effects
@: no status effects
A: yellow scales 1, foul stench 2, antennae 1, deformed body, subdued magic 1
a: Renounce Religion, Evoke Invisibility, Potion Petition, Call Merchant, Bribe
Branch


You were on level 8 of the Dungeon.
You worshipped Gozag.
Gozag was most pleased with you.
You visited 1 branch of the dungeon, and saw 8 of its levels.

You collected 2201 gold pieces.
You paid 674 gold pieces to Gozag.

Inventory:

Hand Weapons
 a - a +0 shortbow of freezing (weapon)
Armour
 c - a +1 leather armour (worn)
Jewellery
 p - the amulet "Juruqer" (around neck) {+Inv Regen+}
   (You found it on level 7 of the Dungeon)

   [amulet of regeneration]

   +Inv:      It lets you turn invisible.
   Regen:     It increases your rate of health regeneration.
Wands
 f - a wand of flame (27)
 i - a wand of iceblast (19)
 t - a wand of digging (3)
Scrolls
 b - 4 scrolls of immolation
 d - 2 scrolls of fear
 k - a scroll of poison
 o - a scroll of fog
 s - a scroll of teleportation
 u - 2 scrolls of magic mapping
Potions
 e - 4 potions of might
 g - a potion of curing
 h - 3 potions of resistance
 j - a potion of haste
 l - a potion of flight
 m - 2 potions of invisibility
 r - a potion of cancellation


   Skills:
 + Level 6.0 Fighting
 * Level 8.4 Ranged Weapons
 + Level 5.5 Dodging
 + Level 5.6 Stealth
 + Level 2.3 Evocations


You had 8 spell levels left.
You didn't know any spells.
Your spell library contained the following spells:

 Spells                   Type           Power      Damage    Failure   Level
 Magic Dart               Conj           0%         1d3       38%         1
 Blink                    Tloc           0%         N/A       54%         2
 Call Imp                 Summ           0%         N/A       54%         2
 Ensorcelled Hibernation  Hex/Ice        0%         N/A       54%         2
 Lesser Beckoning         Tloc           0%         N/A       54%         2
 Momentum Strike          Conj/Tloc      0%         3d8       54%         2
 Passwall                 Tmut/Erth      0%         N/A       54%         2
 Poisonous Vapours        Pois/Air       0%         N/A       54%         2
 Searing Ray              Conj           0%         2d4       54%         2
 Mephitic Cloud           Conj/Pois/Air  0%         N/A       78%         3
 Swiftness                Air            0%         N/A       78%         3
 Fulminant Prism          Conj/Hex       0%         3d5       99%         4
 Freezing Cloud           Conj/Ice/Air   0%         6-21      100%        5


Dungeon Overview and Level Annotations

Branches:
Dungeon (8/15)             Temple (0/1) D:7
   Lair: D:8-11

Altars:
Cheibriados
Dithmenos
Gozag
Sif Muna
Xom


Innate Abilities, Weirdness & Mutations

You are partially covered in yellow scales. (AC +2)
You sometimes emit foul miasma when damaged in melee.
You have a pair of small antennae on your head.
Armour fits poorly on your strangely shaped body.
Your spells are a little easier to cast, but a little less powerful.


Message History

Fire: a) +0 shortbow (freeze)
Press: ? - help, Q - select action, (/) - cycle Shift-Dir - straight line, f/p - warg
Aim: a warg (almost dead, poisoned, 62% to hit)
You shoot an arrow. The orc warrior shouts!
The arrow hits the warg!
The arrow freezes the warg.
You kill the warg!
You hear a shout!
The orc priest invokes the aid of Beogh against you.
Beogh smites you!
The orc priest looks encouraged for a moment.
The warg bites you but does no damage.
Your Fighting skill increases to level 6!
Fire: a) +0 shortbow (freeze)
Press: ? - help, Q - select action, (/) - cycle Shift-Dir - straight line, f - warg
Aim: a warg (63% to hit)
You shoot an arrow. The arrow hits the warg!
The arrow freezes the warg.
The warg is moderately wounded.
The orc warrior is no longer distracted by gold.
The warg closely misses you.
Fire: a) +0 shortbow (freeze)
Press: ? - help, Q - select action, (/) - cycle Shift-Dir - straight line, f/p - warg
Aim: a warg (moderately wounded, 63% to hit)
You shoot an arrow. The arrow barely misses the warg.
The arrow barely misses the orc priest.
The arrow hits the orc priest.
The arrow freezes the orc priest.
The orc priest is moderately wounded.
The warg closely misses you. The warg bites you!
The orc priest calls down the wrath of Beogh upon you.
Beogh smites you! The warg bites you.
* * * LOW HITPOINT WARNING * * *
Found a leather armour.
There is an escape hatch in the ceiling here.
The warg bites you!
* * * LOW HITPOINT WARNING * * *
You emit a cloud of foul miasma!
The orc priest invokes the aid of Beogh against you.
Beogh smites you!
You die...
Your body crumbles into a pile of gold.

#.[........ #..........
##..........
........... #..........
#.......... #..........
#..@....... #......#
###h####### #......#
#.# #......##### #.#
#..#...#...## ##o#
..#.........###..#
.(...........##o##
............###o#
.............~..#######


You could see a warg, an orc warrior and 2 orc priests.

Vanquished Creatures
  Pikel (D:5)
  Sigmund (D:2)
  A steam dragon (D:6)
  Menkaure (D:6)
  A warg (D:8)
  A black bear (D:5)
  3 ice beasts
  Pargi (D:3)
  An ogre (D:4)
  2 centaurs
  2 kobold brigands
  A bullfrog (D:7)
  A scorpion (D:6)
  4 howler monkeys
  An orc priest (D:7)
  5 hounds
  4 jellies
  3 iguanas
  3 orc wizards (D:7)
  A mummy (D:5)
  6 gnolls (D:4)
  11 adders
  2 shadow imps
  A white imp (D:6)
  3 worms
  3 dart slugs
  12 orcs
  18 ball pythons
  7 endoplasms
  7 giant cockroaches
  4 hobgoblins
  13 jackals
  12 kobolds
  3 quokkas
  6 bats
  5 frilled lizards
  4 goblins
  A hobgoblin zombie (D:5)
  2 kobold zombies (D:5)
  An orc zombie (D:5)
  6 rats
165 creatures vanquished.

Notes
Turn   | Place    | Note
-------+----------+-------------------------------------------
     0 | D:1      | qeuew the Demonspawn Hunter began the quest for the Orb.
     0 | D:1      | Reached XP level 1. HP: 16/16 MP: 1/1
    21 | D:1      | Found a faded altar of an unknown god.
    74 | D:1      | Reached skill level 1 in Stealth
    87 | D:1      | Gained mutation: You may rarely emit foul miasma when
                  | damaged in melee. [demonic ancestry]
    87 | D:1      | Reached XP level 2. HP: 22/22 MP: 2/2
   419 | D:1      | Prayed at the altar of an unknown god.
   419 | D:1      | Became a worshipper of Gozag Ym Sagoz the Greedy
   629 | D:1      | Reached skill level 4 in Ranged Weapons
   679 | D:1      | Reached XP level 3. HP: 28/28 MP: 3/3
   841 | D:2      | Noticed Sigmund
   849 | D:2      | Killed Sigmund
   850 | D:2      | Reached XP level 4. HP: 19/35 MP: 4/4
   850 | D:2      | Reached XP level 5. HP: 23/41 MP: 5/5
  1314 | D:2      | Reached skill level 5 in Ranged Weapons
  1749 | D:3      | Gained mutation: You are partially covered in yellow
                  | scales. (AC +2) [demonic ancestry]
  1749 | D:3      | Reached XP level 6. HP: 47/47 MP: 6/6
  1933 | D:3      | Noticed Pargi
  1944 | D:3      | Killed Pargi
  2537 | D:3      | Identified a scroll of acquirement
  2540 | D:3      | Acquired 818 gold pieces
  2815 | D:4      | Reached XP level 7. HP: 51/53 MP: 7/7
  3528 | D:4      | Reached skill level 6 in Ranged Weapons
  3720 | D:4      | Gained mutation: You are vulnerable to heat. (rF-) [potion
                  | of mutation]
  3721 | D:4      | Lost mutation: You are vulnerable to heat. (rF-) [potion of
                  | mutation]
  3721 | D:4      | Gained mutation: Your spells are a little easier to cast,
                  | but a little less powerful. [potion of mutation]
  3721 | D:4      | Gained mutation: Armour fits poorly on your strangely
                  | shaped body. [potion of mutation]
  3721 | D:4      | Gained mutation: You have a pair of small antennae on your
                  | head. [potion of mutation]
  3736 | D:5      | Entered Level 5 of the Dungeon
  4175 | D:5      | Noticed Pikel
  4220 | D:5      | Killed Pikel
  4221 | D:5      | Reached skill level 7 in Ranged Weapons
  4221 | D:5      | Reached XP level 8. HP: 35/61 MP: 8/8
  4589 | D:5      | Reached skill level 5 in Fighting
  4754 | D:6      | Found a snail-covered altar of Cheibriados.
  4757 | D:6      | Found a shimmering altar of Xom.
  4940 | D:6      | Noticed Menkaure
  4948 | D:6      | Killed Menkaure
  4949 | D:6      | Reached skill level 5 in Stealth
  5272 | D:6      | You fall into a shaft and drop 1 floor!
  5307 | D:7      | Identified the amulet "Juruqer" {+Inv Regen+}
  5342 | D:7      | HP: 3/62 [ice beast (7)]
  5350 | D:7      | Reached skill level 5 in Dodging
  5409 | D:7      | Gained mutation: You sometimes emit foul miasma when
                  | damaged in melee. [demonic ancestry]
  5409 | D:7      | Reached XP level 9. HP: 68/68 MP: 9/9
  5578 | D:6      | Found a shimmering blue altar of Sif Muna.
  5610 | D:6      | Reached skill level 1 in Evocations
  5647 | D:6      | Reached skill level 8 in Ranged Weapons
  5833 | D:6      | Found a shadowy altar of Dithmenos.
  6180 | D:7      | Found a staircase to the Ecumenical Temple.
  6677 | D:8      | Killed from afar by an orc priest

Illustrated notes

Levels and vault maps discovered:
D:1:      lightli_arrival_statuegarden, layout_basic,
          shapermc_ecumenical_altar_mp_highgroup, nrook_mini_backslash,
          minivault_23
D:2:      layout_loops_cross, uniq_sigmund
D:3:      layout_loops_cross, minmay_snake_closets, uniq_pargi
D:4:      layout_loops_cross, saegor_snake_ambush
D:5:      layout_loops_ring, minmay_mini_ossuary, uniq_pikel
D:6:      layout_basic, mainiacjoe_overflow_small_starburst,
          mainiacjoe_overflow_large_starburst, kennysheep_mini_moat,
          kennysheep_small_square, uniq_menkaure
D:7:      layout_loops_ring, minmay_temple_entry_butterflies
D:8:      layout_rooms, erik_lair_orcish_takeover,
          chequers_serial_rivers_micro_b, kennysheep_generic_room_7

Skill      XL: |  1  2  3  4  5  6  7  8  9 |
---------------+----------------------------+-----
Stealth        | 1 2 3 4 5 |  5.6
Dodging        | 2 3 4 5 |  5.5
Ranged Weapons | 4 5 7 8 |  8.4
Fighting       | 3 4 5 6 |  6.0
Evocations     | 2 |  2.3

Action                     |  1- 3 |  4- 6 |  7- 9 || total
---------------------------+-------+-------+-------++-------
  Melee: Unarmed           |       |       |     8 ||     8
   Fire: Shortbow          |    75 |   205 |   331 ||   611
 Invoke: Potion Petition   |       |       |     2 ||     2
    Use: Potion            |     4 |     2 |     7 ||    13
         Scroll            |     2 |     6 |     9 ||    17
 Armour: Leather armour    |     8 |    55 |    42 ||   105
  Dodge: Dodged            |    20 |    89 |   121 ||   230
